2843 views
Uploaded 2019-12-01 21:22:57
Game version 1.32.0.3 / 1.32.0.3.1
5:22 long 4on4 ladder game on (8)Mur'gulOasis_LV
Saved by BEARAND
2843 views
Uploaded 2019-12-01 21:22:57
Game version 1.32.0.3 / 1.32.0.3.1
5:22 long 4on4 ladder game on (8)Mur'gulOasis_LV


/ 0k
13 buildings @ 1.8k
/ 0.4k

| Peasant | 6 | 450 | / | 0 |
| Footman | 5 | 675 | / | 0 |
| total: | 11 | 1125g | / | 0w |
| Altar of Kings | 1 | 180 | / | 50 |
| Barracks | 1 | 160 | / | 60 |
| Farm | 4 | 320 | / | 80 |
| Lumber Mill | 1 | 120 | / | 0 |
| Blacksmith | 1 | 140 | / | 60 |
| Keep | 1 | 320 | / | 210 |
| total: | 8 | 920g | / | 250w |
| 0:07 | Altar of Kings |
| 0:15 | Barracks |
| 0:20 | Farm |
| 0:22 | Peasant |
| 0:22 | Peasant |
| 0:58 | Peasant |
| 0:58 | Peasant |
| 1:27 | Farm |
| 1:29 | Peasant |
| 1:53 | Lumber Mill |
| 2:14 | Farm |
| 2:43 | Devotion Aura |
| 2:54 | Footman |
| 2:54 | Footman |
| 2:54 | Footman |
| 2:54 | Footman |
| 3:15 | Farm |
| 3:43 | Peasant |
| 4:17 | Blacksmith |
| 4:20 | Keep |
| 4:42 | Footman |
| 4:59 | Holy Light |
| Right click | 87 |
| Select | 79 |
| Chat | 76 |
| Build/train/purchase | 21 |
| Minimap ping | 3 |
| Remove unit | 1 |

| Peon | 7 | 525 | / | 0 |
| Grunt | 2 | 400 | / | 0 |
| total: | 9 | 925g | / | 0w |
| Altar of Storms | 1 | 180 | / | 50 |
| Orc Burrow | 2 | 320 | / | 80 |
| Barracks | 1 | 180 | / | 50 |
| War Mill | 1 | 205 | / | 0 |
| total: | 5 | 885g | / | 180w |
| 0:06 | Peon |
| 0:07 | Peon |
| 0:07 | Peon |
| 0:15 | Altar of Storms |
| 0:20 | Orc Burrow |
| 0:43 | Barracks |
| 0:48 | Peon |
| 1:16 | War Mill |
| 1:37 | Peon |
| 1:37 | Peon |
| 1:39 | Peon |
| 1:49 | Grunt |
| 2:18 | Grunt |
| 2:25 | Orc Burrow |
| 2:32 | Wind Walk |
| Right click | 65 |
| Select | 57 |
| Build/train/purchase | 12 |
| Select group | 3 |
| Assign group | 2 |
| Remove unit | 1 |
| Select | 1 |
/ 0k
48 buildings @ 4.4k
/ 1.7k

| Wisp | 10 | 600 | / | 0 |
| total: | 10 | 600g | / | 0w |
| Moon Well | 2 | 360 | / | 80 |
| Altar of Elders | 1 | 180 | / | 50 |
| Tree of Life | 2 | 680 | / | 370 |
| total: | 5 | 1220g | / | 500w |
| 0:01 | Wisp |
| 0:15 | Wisp |
| 0:17 | Moon Well |
| 0:26 | Wisp |
| 0:48 | Wisp |
| 0:48 | Wisp |
| 1:02 | Moon Well |
| 1:14 | Altar of Elders |
| 1:21 | Tree of Life |
| 1:30 | Wisp |
| 1:39 | Wisp |
| 1:56 | Wisp |
| 2:05 | Wisp |
| 2:23 | Wisp |
| 2:37 | Tree of Life |
| 2:45 | Summon Quilbeast |
| 5:07 | Summon Bear |
| Right click | 320 |
| Select | 69 |
| Assign group | 29 |
| Select group | 26 |
| Build/train/purchase | 25 |
| Chat | 12 |
| Use ability | 1 |
| Item give/drop | 1 |
| Minimap ping | 1 |

| Wisp | 16 | 960 | / | 0 |
| total: | 16 | 960g | / | 0w |
| Moon Well | 3 | 540 | / | 120 |
| Tree of Life | 1 | 340 | / | 185 |
| Altar of Elders | 1 | 180 | / | 50 |
| Tree of Ages | 1 | 320 | / | 180 |
| total: | 5 | 1060g | / | 355w |
| 0:03 | Wisp |
| 0:04 | Wisp |
| 0:10 | Moon Well |
| 0:33 | Wisp |
| 0:54 | Wisp |
| 0:54 | Wisp |
| 1:10 | Tree of Life |
| 1:13 | Wisp |
| 1:14 | Wisp |
| 1:21 | Altar of Elders |
| 1:31 | Wisp |
| 1:48 | Moon Well |
| 1:52 | Wisp |
| 2:03 | Wisp |
| 2:13 | Wisp |
| 2:28 | Summon Lava Spawn |
| 2:34 | Wisp |
| 2:35 | Wisp |
| 2:43 | Wisp |
| 3:50 | Wisp |
| 3:50 | Wisp |
| 3:52 | Moon Well |
| 4:18 | Tree of Ages |
| Right click | 258 |
| Select | 86 |
| Misc. action | 28 |
| Build/train/purchase | 23 |
| Resource trade | 16 |
| Select group | 9 |
| Assign group | 3 |
| Remove unit | 1 |

| Peasant | 15 | 1125 | / | 0 |
| total: | 15 | 1125g | / | 0w |
| Scout Tower | 7 | 210 | / | 140 |
| Altar of Kings | 1 | 180 | / | 50 |
| Farm | 4 | 320 | / | 80 |
| Lumber Mill | 1 | 120 | / | 0 |
| Keep | 2 | 640 | / | 420 |
| total: | 13 | 830g | / | 270w |
| 0:02 | Peasant |
| 0:02 | Peasant |
| 0:08 | Altar of Kings |
| 0:11 | Farm |
| 0:12 | Farm |
| 0:21 | Peasant |
| 0:41 | Peasant |
| 0:58 | Peasant |
| 1:16 | Peasant |
| 1:23 | Peasant |
| 1:35 | Farm |
| 1:36 | Farm |
| 1:37 | Peasant |
| 1:51 | Peasant |
| 2:02 | Peasant |
| 2:05 | Lumber Mill |
| 2:14 | Peasant |
| 2:22 | Peasant |
| 2:25 | Summon Water Elemental |
| 2:30 | Peasant |
| 3:04 | Peasant |
| 3:29 | Peasant |
| 3:51 | Keep |
| 4:55 | Brilliance Aura |
| 5:06 | Scout Tower |
| 5:11 | Scout Tower |
| 5:11 | Scout Tower |
| 5:13 | Scout Tower |
| 5:14 | Scout Tower |
| 5:14 | Scout Tower |
| 5:17 | Scout Tower |
| Right click | 218 |
| Chat | 124 |
| Select | 86 |
| Build/train/purchase | 31 |
| Resource trade | 12 |
| Select group | 10 |
| Use ability | 4 |
| Assign group | 2 |
| Misc. action | 1 |

| Peasant | 22 | 1650 | / | 0 |
| total: | 22 | 1650g | / | 0w |
| Scout Tower | 19 | 570 | / | 380 |
| Guard Tower | 2 | 140 | / | 100 |
| Altar of Kings | 2 | 360 | / | 100 |
| Farm | 3 | 240 | / | 60 |
| Lumber Mill | 1 | 120 | / | 0 |
| total: | 25 | 1290g | / | 540w |
| 0:04 | Peasant |
| 0:04 | Peasant |
| 0:07 | Altar of Kings |
| 0:10 | Farm |
| 0:12 | Farm |
| 0:24 | Peasant |
| 0:24 | Peasant |
| 0:46 | Peasant |
| 0:52 | Lumber Mill |
| 1:18 | Peasant |
| 1:18 | Peasant |
| 1:21 | Altar of Kings |
| 1:26 | Peasant |
| 1:26 | Peasant |
| 1:40 | Peasant |
| 1:42 | Peasant |
| 2:06 | Farm |
| 2:11 | Peasant |
| 2:30 | Summon Lava Spawn |
| 2:32 | Peasant |
| 2:32 | Peasant |
| 2:33 | Improved Masonry |
| 2:42 | Peasant |
| 2:43 | Peasant |
| 3:48 | Scout Tower |
| 3:48 | Scout Tower |
| 3:49 | Scout Tower |
| 3:49 | Scout Tower |
| 3:52 | Peasant |
| 3:53 | Peasant |
| 3:54 | Peasant |
| 4:08 | Soul Burn |
| 4:19 | Guard Tower |
| 4:20 | Guard Tower |
| 4:46 | Scout Tower |
| 4:47 | Scout Tower |
| 4:48 | Scout Tower |
| 4:48 | Scout Tower |
| 4:49 | Scout Tower |
| 4:49 | Scout Tower |
| 4:50 | Scout Tower |
| 4:51 | Scout Tower |
| 4:51 | Scout Tower |
| 4:52 | Scout Tower |
| 4:53 | Scout Tower |
| 4:53 | Scout Tower |
| 4:54 | Scout Tower |
| 4:54 | Scout Tower |
| 4:55 | Scout Tower |
| 5:02 | Peasant |
| 5:03 | Peasant |
| 5:03 | Peasant |
| Right click | 176 |
| Select | 63 |
| Select group | 37 |
| Build/train/purchase | 35 |
| Chat | 29 |
| Misc. action | 6 |
| Assign group | 4 |
| Resource trade | 4 |
| Use ability | 1 |
| Esc | 1 |